 Dungeon Crawl Stone Soup version 0.31-a0-83-gbff143cfd1 (webtiles) character file.

Game seed: 1159140179784403248

1382 SkeletonJelly the Grave Robber (level 8, -3/42 (56) HPs)
             Began as a Demonspawn Reaver on May 25, 2023.
             Slain by an orc warlord
             ... wielding a +5 battleaxe
              (13 damage)
             ... in a bailey.
             The game lasted 00:15:40 (4844 turns).

SkeletonJelly the Grave Robber (Demonspawn Reaver)  Turns: 4844, Time: 00:15:41

HP:   -3/42 (56)    AC:  7    Str: 14    XL:     8   Next: 40%
MP:   11/11         EV: 11    Int: 16    God:
Gold: 356           SH:  0    Dex: 11    Spells: 5/11 levels left

rFire   . . .        o - +2 scythe (pain)
rCold   . . .        (shield currently unavailable)
rNeg    . . .        b - +0 leather armour
rPois   .            (no helmet)
rElec   .            (no cloak)
rCorr   +            (no gloves)
SInv    .            (no boots)
Will    .....        p - amulet of magic regeneration
Stlth   +            i - ring of resist corrosion
HPRegen 0.27/turn    l - +4 ring of protection
MPRegen 0.52/turn

%: no passive effects
@: very heavily drained, invisible (expiring)
A: claws 2, demonic guardian 1, spiny 1
a: no special abilities


You were in a bailey.
You visited 1 branch of the dungeon, and saw 6 of its levels.
You also visited: Bailey.

You collected 356 gold pieces.

Inventory:

Hand Weapons
 a - a +0 spear
 o - a +2 scythe of pain (weapon)
Missiles
 e - 8 poisoned darts
Armour
 b - a +0 leather armour (worn)
 r - a +0 pair of gloves
Jewellery
 i - a ring of resist corrosion (left claw)
 l - a +4 ring of protection (right claw)
 p - an amulet of magic regeneration (around neck)
Wands
 v - a wand of mindburst (9)
Scrolls
 c - a scroll of noise
 g - 2 scrolls of poison
 h - 3 scrolls of teleportation
 k - a scroll of identify
 m - a scroll of acquirement
 t - a scroll of enchant armour {unknown}
 w - 3 scrolls of enchant weapon {unknown}
 y - a scroll of fog {unknown}
 B - 3 scrolls of fear {unknown}
Potions
 d - a potion of degeneration {unknown}
 f - a potion of magic {unknown}
 j - 3 potions of curing
 n - 2 potions of might
 q - a potion of brilliance {unknown}
 s - a potion of resistance {unknown}
 u - 2 potions of attraction {unknown}
 z - 2 potions of heal wounds
 A - a potion of haste {unknown}


   Skills:
 - Level 2.0 Fighting
 + Level 7.2 Polearms
 - Level 1.7 Dodging
 - Level 2.0 Spellcasting
 - Level 3.0 Conjurations
 + Level 7.9 Necromancy


You had 5 spell levels left.
You knew the following spells:

 Your Spells              Type           Power      Damage    Failure   Level
a - Kiss of Death         Conj/Necr      72%        2d10      3%          1
A - Agony                 Necr           27%        N/A       28%         5

Your spell library contained the following spells:

 Spells                   Type           Power      Damage    Failure   Level
 Shock                    Conj/Air       20%        1d4       16%         1
 Momentum Strike          Conj/Tloc      10%        3d8       24%         2
 Apportation              Tloc           2%         N/A       26%         1
 Blink                    Tloc           2%         N/A       36%         2
 Scorch                   Fire           2%         2d5       36%         2
 Dazzling Flash           Conj/Hex       10%        N/A       43%         3
 Hailstorm                Conj/Ice       5%         3d4       43%         3
 Swiftness                Air            1%         N/A       61%         3
 Vhi's Electric Charge    Tloc/Air       0%         N/A       65%         3
 Ignite Poison            Fire/Tmut/Pois 0%         N/A       67%         3
 Flame Wave               Conj/Fire      5%         2d5       83%         4
 Sticky Flame             Conj/Fire      5%         2d3       83%         4
 Airstrike                Air            0%         2d(1-17)  95%         4
 Manifold Assault         Tloc           1%         N/A       95%         4
 Arcjolt                  Conj/Air       2%         1d12      99%         5
 Alistair's Intoxication  Tmut/Pois      0%         N/A       100%        5
 Silence                  Hex/Air        0%         N/A       100%        5
 Plasma Beam              Fire/Air       0%         2x1d11    100%        6
 Summon Cactus Giant      Summ           0%         N/A       100%        6
 Storm Form               Tmut/Air       0%         N/A       100%        7
 Ignition                 Fire           0%         3d3       100%        8


Dungeon Overview and Level Annotations

Branches:
Dungeon (7/15)             Bailey (1/1)
 Temple: D:4-7

Altars:
Ashenzari
Fedhas
Makhleb
Okawaru
Ru
Wu Jian

Shops:
D:2 !

Annotations:
D:3 2 runed translucent doors, Chodeload's ghost, amateur DjWn; Crazy Yiuf


Innate Abilities, Weirdness & Mutations

You have very sharp fingernails.
A weak demonic guardian rushes to your aid.
You are partially covered in sharp spines.


Message History

The orc warlord sings a few bars from the Orcish anthem.
Your iron imp disappears in a puff of smoke!
You now have 333 gold pieces (gained 8).
You see here 2 boomerangs.
You now have 342 gold pieces (gained 9).
z - 2 potions of heal wounds Health restored: 50; MP restored: 11
A - a bubbling cyan potion
y - a scroll labelled GOSOQY CIVE
n - 2 glowing blue potions (gained 1)
B - 3 scrolls labelled MAOMUA WAOFF You now have 356 gold pieces (gained 14).
Found a gate leading back out of this place.
There is an open door here.
You enter the shallow water.
Moving in this stuff is going to be slow.
You enter the shallow water.
Moving in this stuff is going to be slow.
There is an open door here.
Key pressed, stopping explore.
There is an open gate here.
There is an empty arch of ancient stone here.
There is an open gate here.
Things that are here:
a +0 hand axe; a +0 leather armour
There is an open door, spattered with blood here.
Items here: ( )) [[ ÷÷÷.
Things that are here:
4 boomerangs; a kobold skeleton; a kobold skeleton
Things that are here:
a +0 war axe; a +0 leather armour; a gnoll skeleton
Items here: ( ) [ ÷÷.
There is an open door here.
The orc warlord shouts!
Things that are here:
a +0 war axe; a +0 ring mail
Things that are here:
a +0 hand axe; a +0 leather armour Search for what [Enter for "."]? .
Unknown command.
Unknown command.
Unknown command.
Unknown command.
Okay, then.
Unknown command.
As you read the scroll of identify, it crumbles to dust.
n - 2 potions of might
Okay, then.
You fade into invisibility!
You open the gate.
The orc warlord roars a battlecry!
The orc goes into a battle-frenzy!
You slash the orc!
You kill the orc!
Casting: Kiss of Death (safe; 3% risk of failure)
Confirm with . or Enter, or press ? or * to list all spells.
Aiming: Kiss of Death (safe; 3% risk of failure)
Press: ? - help, Shift-Dir - straight line, f - orc warlord
Aim: an orc warlord, wielding a +5 battleaxe and wearing a +0 chain mail (unable to see you, 100% to hit)
The negative energy hits the orc warlord!
The orc warlord is drained!
The orc warlord is lightly wounded.
You feel drained.
The orc warlord hits you with a +5 battleaxe!
You take 15 damage, and have 35/42 hp.
MASSIVE DAMAGE!!
You now have 10/11 mp.
MP restored: 11 Reach: o) +2 scythe (pain)
Press: ? - help, Dir - move target, f/p - orc warlord
Aim: an orc warlord, wielding a +5 battleaxe and wearing a +0 chain mail (lightly wounded, unable to see you, lightly drained, about 36% to evade your +2 scythe of pain)
You hit the orc warlord.
The orc warlord writhes in agony.
The orc warlord is lightly wounded.
The orc warlord hits you with a +5 battleaxe!!
Ouch! That really hurt!
* * * LOW HITPOINT WARNING * * *
A demonic guardian appears!
You take 27 damage, and have 8/42 hp.
MASSIVE DAMAGE!!
Your ufetubus barely misses the orc warlord. x3
Your ufetubus closely misses the orc warlord.
Your ufetubus barely misses the orc warlord. x2
Your ufetubus hits the orc warlord but does no damage. x2
The orc warlord misses your ufetubus.
Your ufetubus hits the orc warlord but does no damage.
Your ufetubus hits the orc warlord.
Reach: o) +2 scythe (pain)
Press: ? - help, Dir - move target, f/p - orc warlord
Aim: an orc warlord, wielding a +5 battleaxe and wearing a +0 chain mail (lightly wounded, unable to see you, lightly drained, ally target, about 36% to evade your +2 scythe of pain)
You reach to attack!
You hit the orc warlord.
The orc warlord writhes in agony.
The orc warlord is lightly wounded.
Your ufetubus hits the orc warlord but does no damage. x2
The orc warlord hits your ufetubus with a +5 battleaxe!
Your ufetubus dies!
Your ufetubus disappears in a puff of smoke!
Reach: o) +2 scythe (pain)
Press: ? - help, Dir - move target, f/p - orc warlord
Aim: an orc warlord, wielding a +5 battleaxe and wearing a +0 chain mail (grey smoke, lightly wounded, unable to see you, lightly drained, about 36% to evade your +2 scythe of pain)
You reach to attack!
You closely miss the orc warlord.
The orc warlord is lightly wounded.
You flicker for a moment.
The orc warlord hits you with a +5 battleaxe!
You die...

#.).'~~.........#....('
#...'~~....∩....#....('
#...)~~.........#....)'
#...##~8.8...8.8##..(.#
##..§.#~........?~#..).#
##..§..#~~#~.....|~#.(...
##...§§§####~~~#~~~##.....
#...8...o..#########......
#........@.'.....'....8..8
#..........#~~~~~#........
##..8..8...#~~~~~#........
##.......##~~~~~##...8...
##.....##.......##.....#
##...##.........##...##
#####♣♣♣.....♣♣♣#####
♣♣♣∩♣♣♣ ♣♣♣


You could see an orc warlord (unable to see you, drained).

Vanquished Creatures
  Sigmund (D:3)
  Duvessa (D:4)
  An ice beast (D:5)
  3 orc warriors (Bailey)
  2 ogres (D:4)
  2 scorpions (D:5)
  Dowan (D:4)
  2 hounds (D:4)
  A gnoll bouda (D:5)
  4 iguanas
  A sleepcap (D:4)
  7 gnolls
  2 adders
  2 white imps (D:7)
  4 worms
  2 dart slugs
  7 orcs
  2 ball pythons (D:1)
  3 bats
  6 endoplasms
  2 giant cockroaches
  8 hobgoblins
  2 quokkas
  6 frilled lizards
  12 goblins
  18 kobolds
  6 rats
108 creatures vanquished.

Vanquished Creatures (others)
  A kobold (D:3)
1 creature vanquished.

Grand Total: 109 creatures vanquished

Notes
Turn   | Place    | Note
-------+----------+-------------------------------------------
     0 | D:1      | SkeletonJelly the Demonspawn Reaver began the quest for the
                  | Orb.
     0 | D:1      | Reached XP level 1. HP: 16/16 MP: 3/3
   329 | D:1      | Reached skill level 1 in Necromancy
   375 | D:1      | Gained mutation: You have sharp fingernails. [demonic
                  | ancestry]
   375 | D:1      | Reached XP level 2. HP: 8/22 MP: 3/5
   944 | D:2      | Reached XP level 3. HP: 27/27 MP: 6/6
   959 | D:2      | Found Uceoc's Distillery.
  1127 | D:2      | Found an iron altar of Okawaru.
  1271 | D:3      | Found a sacrificial altar of Ru.
  1397 | D:3      | Found a runed translucent door.
  1450 | D:3      | Noticed Sigmund
  1975 | D:3      | Killed Sigmund
  1976 | D:3      | Reached XP level 4. HP: 15/33 MP: 3/7
  1976 | D:3      | Reached XP level 5. HP: 17/38 MP: 3/8
  2094 | D:3      | Found a runed translucent door.
  2095 | D:3      | Noticed Crazy Yiuf
  2316 | D:3      | Found a faded altar of an unknown god.
  2320 | D:3      | Found a blossoming altar of Fedhas.
  2542 | D:3      | Noticed Chodeload's ghost (amateur DjWn)
  2795 | D:4      | Gained mutation: You have very sharp fingernails. [demonic
                  | ancestry]
  2795 | D:4      | Reached XP level 6. HP: 44/44 MP: 9/9
  2911 | D:4      | Reached skill level 5 in Polearms
  2911 | D:4      | Reached skill level 5 in Necromancy
  3196 | D:4      | Gained mutation: You are partially covered in sharp spines.
                  | [demonic ancestry]
  3196 | D:4      | Reached XP level 7. HP: 42/50 MP: 10/10
  3229 | D:4      | Found a burning altar of Makhleb.
  3233 | D:4      | Found an ornate altar of the Wu Jian Council.
  3237 | D:4      | Found a broken altar of Ashenzari.
  3402 | D:4      | Noticed Duvessa
  3402 | D:4      | Noticed Dowan
  3415 | D:4      | Killed Duvessa
  3420 | D:4      | Killed Dowan
  3766 | D:5      | Entered Level 5 of the Dungeon
  3962 | D:5      | Learned a level 5 spell: Agony
  3980 | D:5      | HP: 1/36 [gnoll bouda/+0 whip (4)]
  4193 | D:5      | You fall into a shaft and drop 2 floors!
  4214 | D:7      | Identified a scroll of acquirement
  4239 | D:7      | Gained mutation: A weak demonic guardian rushes to your
                  | aid. [demonic ancestry]
  4239 | D:7      | Reached XP level 8. HP: 36/50 MP: 11/11
  4390 | D:7      | Found a flagged portal.
  4399 | Bailey   | Entered a bailey
  4404 | Bailey   | Noticed an orc warlord
  4535 | Bailey   | Found a runed translucent gate.
  4537 | Bailey   | Found a runed translucent gate.
  4538 | Bailey   | Found a runed translucent gate.
  4844 | Bailey   | Slain by an orc warlord

Illustrated notes

Levels and vault maps discovered:
D:1:      minmay_arrival_four_circles, layout_basic, nicolae_titane
D:2:      layout_basic, basic_altar, serial_shops,
          nicolae_shop_industrial_runoff
D:3:      layout_loops_ring, nicolae_ru_sacrificial_ziggurat,
          nicolae_overflow_ecumenical_swirl, mainiacjoe_overflow_catwalk,
          ebering_ghost_reflecting_pool, minmay_door_square, uniq_sigmund,
          uniq_crazy_yiuf_cottage
D:4:      layout_loops_ring, grunt_temple_overflow_diamond, uniq_duvessa
D:5:      layout_gridville, nicolae_tso_carved_into_rock
D:7:      layout_basic, kennysheep_mini_moat, enter_bailey_2
Bailey:   bailey_axe_bossmonster_kennysheep, bailey

Skill      XL: |  1  2  3  4  5  6  7  8 |
---------------+-------------------------+-----
Necromancy     | 1 2 4 5 7 |  7.9
Polearms       | 3 4 5 6 7 |  7.2
Fighting       | |  2.0
Dodging        | |  1.7
Spellcasting   | |  2.0
Conjurations   | |  3.0

Action                     |  1- 3 |  4- 6 |  7- 9 || total
---------------------------+-------+-------+-------++-------
  Melee: Spear             |   201 |       |       ||   201
         Punch             |     1 |       |       ||     1
         Halberd           |       |    60 |   100 ||   160
   Cast: Kiss of Death     |     4 |     1 |     8 ||    13
  Evoke: Wand              |       |       |     1 ||     1
    Use: Potion            |       |       |     5 ||     5
         Scroll            |       |       |     4 ||     4
 Armour: Leather armour    |    28 |     7 |    18 ||    53
  Dodge: Dodged            |    72 |    28 |    52 ||   152

Table legend: (Time is in decaauts)
 A = Elapsed time spent in this place.
 B = Non-inter-level travel time spent in this place.
 C = Inter-level travel time spent in this place.
 D = Time resting spent in this place.
 E = Time spent auto-exploring this place.
 F = Levels seen in this place.
 G = Mean time per level.
                   A        B        C        D        E       F      G
               +--------+--------+--------+--------+--------+-----+--------+
         Total |   4870 |   4719 |    151 |      4 |   3640 |   7 |  695.7 |
       Dungeon |   4413 |   4262 |    151 |      4 |   3317 |   6 |  735.5 |
        Bailey |    456 |    456 |      0 |      0 |    323 |   1 |  456.0 |
               +--------+--------+--------+--------+--------+-----+--------+

Top non-repeatable levels by time:
     D:3: 1206 daAuts
     D:4: 1117 daAuts
     D:1: 834 daAuts
     D:2: 616 daAuts
  Bailey: 456 daAuts
     D:5: 432 daAuts
     D:7: 206 daAuts
